Construct Infanterie Kompanie
Selects Luftwaffe Battlegroup
Selects Luftwaffe Pioneer Support
Fallschirmpioneer Squad Paradrop
Fallschirmpioneer Squad Paradrop
Infanterie Officer Quarters
Construct Luftwaffe Kompanie
Selects Reconnaissance Run
Selects Fallschirmjäger Squad Paradrop
Fallschirmjäger Squad Paradrop
Luftwaffe Officer Quarters
Fallschirmjäger Squad Paradrop
Selects Flak 38 Anti-Air Emplacement
Construct Panzer Kompanie
Fallschirmjäger Squad Paradrop
Selects Infantry Reserves